Map: [ESL] Oceanborn

Players

FoxeR

  • Race: Terran Terran
  • Spawn Location: 11:00

Cyan - Winner!

  • Race: Protoss Protoss
  • Spawn Location: 5:00

Event: ESL Spring 2024 Finals

VOD

Have the link to the VOD?

Description

Time

  • Played on: May 31, 2024, 7:19 p.m.
  • Length: 10:34

All games in this series

Show
View Real Time Build Order
Export as new Build Order

FoxeR Terran 

Build Orders: Cyclone Opening 

Get SALT Encoding   

  12  0:00  SCV  
  13  0:12  SCV  
  14  0:16  Supply Depot  
  14  0:24  SCV  
  14  0:27  Refinery  
  15  0:38  SCV  
  16  0:44  Barracks  
  16  0:50  SCV  
  17  1:02  SCV  
  18  1:14  SCV  
  19  1:31  Marine  
  20  1:42  Command Center  
  20  1:45  Factory  
  20  2:01  Supply Depot  
  20  2:02  Barracks Reactor  
  20  2:04  SCV  
  21  2:17  SCV  
  22  2:29  Cyclone  
  24  2:30  Orbital Command  
  24  2:38  Marine x2  
  26  2:47  Barracks  
  26  2:56  Marine x2  
  26  3:01  Cyclone  
  26  3:02  SCV  
  28  3:15  Barracks  
  28  3:18  Marine x2  
  30  3:21  SCV  
  31  3:32  Orbital Command  
  31  3:35  Marine  
  31  3:40  Cyclone  
  34  3:45  Marine  
  36  3:49  Barracks Tech Lab, SCV  
  36  3:53  Marine  
  37  4:03  Marine  
  37  4:08  Marine  
  39  4:10  Barracks Tech Lab, Stimpack  
  39  4:11  SCV x2  
  39  4:15  Marine  
  42  4:20  Marine  
  42  4:26  Marine  
  36  4:38  Marine  
  36  4:39  Marine  
  36  4:41  Marine  
  36  4:44  SCV  
  36  4:45  Cyclone  
  39  4:46  SCV  
  39  4:48  Marine  
  39  4:52  Combat Shield  
  39  4:56  SCV, Marine  
  39  4:59  SCV  
  39  5:02  Supply Depot  
  39  5:03  Marine  
  39  5:05  Marine  
  41  5:08  SCV  
  41  5:10  Marauder  
  44  5:14  Marine  
  44  5:17  SCV  
  46  5:23  Widow Mine  
  46  5:24  Supply Depot, Marauder  
  46  5:27  SCV  
  51  5:31  SCV  
  51  5:33  Supply Depot, Marauder  
  51  5:34  Marine  
  51  5:35  Marine  
  54  5:45  Marine  
  54  5:46  SCV  
  54  5:48  SCV  
  57  5:50  Refinery  
  57  5:51  Refinery  
  57  5:52  Supply Depot  
  57  5:54  Marine, Marauder  
  58  5:58  SCV, Marine  
  58  6:00  SCV  
  61  6:06  Marauder  
  61  6:10  SCV  
  61  6:12  SCV  
  61  6:17  Marine  
  60  6:19  Marine  
  60  6:22  SCV  
  60  6:24  SCV  
  60  6:25  Marauder  
  62  6:29  Factory  
  62  6:32  Engineering Bay  
  62  6:34  SCV  
  62  6:36  SCV  
  62  6:37  Refinery  
  64  6:40  Marauder  
  64  6:46  SCV  
  64  6:47  Marauder  
  66  6:48  SCV  
  66  6:49  Marine  
  66  6:51  Marine  
  62  6:58  SCV  
  62  7:00  SCV  
  62  7:01  Marine  
  57  7:03  Terran Infantry Weapons Level 1  
  57  7:08  Marine  
  60  7:09  Marauder  
  60  7:10  SCV  
  60  7:13  Factory Reactor  
  60  7:14  Starport  
  60  7:15  SCV  
  63  7:19  Marine, Marauder  
  66  7:24  Supply Depot, SCV  
  65  7:34  Marine, Marauder  
  68  7:38  Bunker  
  68  7:41  Command Center  
  66  7:46  Marine, Marauder  
  66  7:48  SCV  
  66  7:50  SCV  
  69  7:52  Marine  
  69  7:56  Medivac  
  69  7:57  Medivac  
  72  8:04  Factory Reactor  
  72  8:05  SCV, Marauder  
  75  8:10  Supply Depot  
  77  8:13  Marauder  
  77  8:14  Barracks  
  77  8:16  Barracks  
  77  8:22  Supply Depot  
  77  8:26  Medivac  
  77  8:27  Medivac  
  78  8:29  Marauder  
  84  8:34  Marauder  
  84  8:38  Supply Depot, Marine x2  
  86  8:51  Marauder  
  86  8:54  Widow Mine x2  
  94  8:56  Marine, Marauder, Medivac  
  94  8:57  Medivac  
  94  8:59  Supply Depot x2  
  99  9:04  Barracks Tech Lab, Barracks Reactor  
  99  9:12  Marauder  
  103  9:17  Marauder  
  103  9:22  Marine x3  
  106  9:28  SCV  
  105  9:33  Marauder  
  105  9:38  Marine  
  106  9:40  Marine  
Show
View Real Time Build Order
Export as new Build Order

Cyan Protoss - Winner!

Build Orders: 1 Gate Expand, Blink Stalkers 

Get SALT Encoding   

  12  0:00  Probe  
  13  0:12  Probe  
  14  0:17  Pylon  
  14  0:24  Probe (Chrono Boost)  
  15  0:36  Probe (Chrono Boost)  
  15  0:37  Gateway  
  16  0:44  Probe (Chrono Boost)  
  16  0:45  Assimilator  
  17  0:51  Probe  
  18  1:03  Probe  
  19  1:15  Probe  
  20  1:24  Cybernetics Core  
  20  1:30  Nexus  
  20  1:33  Probe  
  21  1:40  Pylon  
  21  1:45  Assimilator  
  21  1:48  Probe  
  22  1:57  Adept (Chrono Boost)  
  22  2:00  Probe  
  22  2:01  Warp Gate  
  25  2:12  Probe (Chrono Boost)  
  26  2:18  Twilight Council  
  27  2:23  Probe (Chrono Boost)  
  27  2:26  Stalker  
  27  2:28  Probe (Chrono Boost)  
  30  2:38  Probe  
  30  2:41  Gateway  
  30  2:43  Probe  
  32  2:50  Probe  
  33  2:52  Blink (Chrono Boost)  
  33  2:56  Probe  
  34  3:02  Probe  
  33  3:08  Probe  
  36  3:16  Probe  
  35  3:22  Nexus  
  35  3:23  Probe  
  36  3:29  Probe  
  37  3:35  Robotics Facility, Probe  
  37  3:41  Probe, Pylon  
  37  3:49  Stalker x2  
  37  3:53  Pylon  
  35  4:10  Gateway  
  35  4:12  Shield Battery  
  35  4:14  Stalker  
  32  4:27  Probe  
  23  4:40  Stalker  
  24  4:47  Pylon  
  24  4:54  Probe (Chrono Boost)  
  24  4:56  Probe (Chrono Boost)  
  27  5:00  Probe (Chrono Boost)  
  27  5:04  Probe (Chrono Boost)  
  27  5:06  Stalker  
  30  5:07  Probe (Chrono Boost)  
  30  5:09  Probe x2 (Chrono Boost)  
  33  5:15  Stalker  
  33  5:18  Probe (Chrono Boost)  
  33  5:20  Probe x2 (Chrono Boost)  
  38  5:31  Probe x2 (Chrono Boost)  
  38  5:32  Probe (Chrono Boost)  
  38  5:34  Stalker  
  38  5:35  Stalker  
  45  5:38  Probe x2  
  45  5:41  Probe  
  48  5:51  Stalker  
  48  5:52  Probe (Chrono Boost)  
  48  5:53  Probe (Chrono Boost)  
  48  5:54  Robotics Facility  
  48  5:56  Probe (Chrono Boost)  
  53  6:00  Assimilator  
  55  6:04  Probe (Chrono Boost)  
  55  6:05  Probe (Chrono Boost)  
  55  6:06  Stalker  
  55  6:10  Probe (Chrono Boost)  
  58  6:17  Stalker  
  58  6:19  Probe  
  58  6:21  Shield Battery  
  58  6:25  Stalker  
  59  6:26  Probe  
  59  6:29  Probe  
  59  6:31  Pylon  
  61  6:34  Probe  
  61  6:36  Stalker  
  61  6:38  Probe  
  65  6:41  Probe  
  65  6:46  Probe  
  67  6:54  Stalker x2  
  67  6:56  Probe  
  67  7:00  Probe x2  
  72  7:02  Charge (Chrono Boost), Shield Battery  
  72  7:04  Pylon  
  72  7:08  Probe  
  73  7:10  Gateway  
  73  7:11  Gateway  
  73  7:12  Gateway  
  73  7:14  Pylon  
  73  7:15  Gateway  
  73  7:16  Probe  
  73  7:17  Gateway  
  73  7:18  Probe  
  73  7:19  Sentry  
  73  7:22  Pylon, Probe  
  78  7:25  Observer (Chrono Boost)  
  79  7:33  Probe x2  
  81  7:37  Pylon  
  81  7:40  Assimilator, Warp Prism (Chrono Boost), Probe  
  81  7:41  Pylon  
  84  7:46  Probe  
  84  7:48  Robotics Bay  
  85  7:52  Zealot x3  
  87  8:13  Zealot x2  
  87  8:14  Zealot x2, Observer  
  87  8:17  Nexus  
  87  8:18  Pylon  
  87  8:19  Forge  
  96  8:33  Colossus (Chrono Boost)  
  93  8:39  Pylon  
  99  8:42  Shield Battery, Sentry, Zealot x7  
  99  8:47  Shield Battery  
  115  8:51  Pylon  
  115  9:02  Probe x2  
  117  9:05  Probe  
  117  9:06  Pylon  
  118  9:14  Probe  
  119  9:17  Gateway  
  119  9:18  Gateway, Colossus (Chrono Boost)  
  125  9:29  Zealot x7  
  139  9:32  Zealot  
  141  9:48  Shield Battery  
  141  9:51  Shield Battery  
  141  9:52  Shield Battery  
  137  9:53  Zealot x6  
  135  10:01  Zealot x2  
  125  10:27  Stalker x9  
  143  10:32  Forge  
Tags
 
Add a new tag
Caveats
  • Supply blocks, unpowered buildings, or Contaminate may cause inaccurate times.
  • Supply counts are checked every 10 seconds.